 Dungeon Crawl Stone Soup version 0.27.1-2-g3b301248ec (webtiles) character file.

Game seed: 17080172336854775113

100 jfcaron the Magician (level 5, -3/37 HPs)
             Began as a Djinni Air Elementalist on Sept 23, 2021.
             Was a Believer of Fedhas.
             Slain by a river rat (4 damage)
             ... on level 2 of the Dungeon.
             The game lasted 00:09:49 (2493 turns).

jfcaron the Magician (Djinni Air Elementalist)      Turns: 2493, Time: 00:09:51

Health: -3/37      AC:  2    Str:  7    XL:     5   Next: 3%
Gold:   100        EV: 12    Int: 17    God:    Fedhas [**....] SH:  0 Dex: 14

rFire    + + .     SeeInvis .   a - +2 dagger (speed)
rCold    x . .     Faith    .   (no shield)
rNeg     . . .     Spirit   .   h - +0 robe
rPois    ∞         Reflect  .   (no helmet)
rElec    .         Harm     .   (no cloak)
rCorr    .         Rampage  .   (no gloves)
Will     .....                  (boots unavailable)
Stlth    ++........             (no amulet)
HPRegen  0.12/turn              (no ring)
MPRegen  0.00/turn              (no ring)

@: swift, flying, studying Spellcasting, very quick
A: sickness immunity, fire resistance 2, cold vulnerability 1, float, innate
caster, hp casting, extra vitality 1
a: Renounce Religion, Wall of Briars


You were on level 2 of the Dungeon.
You worshipped Fedhas.
Fedhas was pleased with you.
You visited 1 branch of the dungeon, and saw 3 of its levels.

You collected 100 gold pieces.

Inventory:

Hand Weapons
 a - a +2 dagger of speed (weapon)
Missiles
 b - 24 poisoned darts
 e - 33 arrows
 f - 36 stones
 j - 56 bolts
Armour
 h - a +0 robe (worn)
Scrolls
 g - a scroll of blinking {unknown}
 i - a scroll of amnesia {unknown}
 k - a scroll of enchant armour {unknown}
Potions
 c - a potion of invisibility
 d - a potion of haste {unknown}
 l - a potion of brilliance {unknown}
 m - a potion of lignification {unknown}
 n - a potion of magic {unknown}


   Skills:
 + Level 1.4 Fighting
 - Level 2.4 Dodging
 - Level 2.3 Stealth
 * Level 4.0 Spellcasting
 - Level 0.2 Invocations


You couldn't memorise any spells.
You knew the following spells:

 Your Spells              Type           Power      Damage    Failure   Level
a - Shock                 Conj/Air       68%        1d7       3%          1
b - Static Discharge      Conj/Air       17%        N/A       4%          2
c - Swiftness             Air            17%        N/A       9%          3
d - Airstrike             Air            8%         N/A       30%         4
e - Magic Dart            Conj           68%        1d6       3%          1
f - Poisonous Vapours     Pois/Air       34%        N/A       4%          2
Your spell library was empty.

Dungeon Overview and Level Annotations

Branches:
Dungeon (3/15)

Altars:
Fedhas

Shops:
D:1 =


Innate Abilities, Weirdness & Mutations

You are immune to sickness and miasma.
You are immune to poison.
Your flesh is very heat resistant. (rF++)
You are vulnerable to cold. (rC-)
You float through the air rather than walking.
You learn spells naturally, not from books.
Your magical power is your life essence.
You have superior vitality. (+4 HP)


Message History

Fedhas appreciates your contribution to the ecosystem.
* * * LOW HITPOINT WARNING * * *
Your Spellcasting skill increases to level 4!
You have reached level 5!
The power to cast Poisonous Vapours wells up from within.
Spell assigned to 'f'.
A river rat comes into view.
You barely miss the river rat. The river rat bites you.
* * * LOW HITPOINT WARNING * * *
You hear the slow rusting of a drain.
You see here an adder corpse.
You aren't carrying any items that you can evoke.
You hit the river rat but do no damage. You hit the river rat but do no damage.
The river rat barely misses you.
You hit the river rat.
The river rat is lightly wounded.
The river rat bites you.
* * * LOW HITPOINT WARNING * * *
You closely miss the river rat.
The river rat is lightly wounded.
You hit the river rat.
The river rat is moderately wounded.
The river rat bites you but does no damage.
An orc comes into view. It is wielding a +0 hand axe.
Found 13 stones.
The river rat twitches its whiskers.
There is a stone staircase leading up here.
The river rat barely misses you.
You fly upwards.
There is a stone staircase leading down here.
Press: ? - help, v - describe, . - travel The floor.
The river rat barely misses you.
Casting: Shock (safe; 3% risk of failure)
Confirm with . or Enter, or press ? or * to list all spells.
You feel quick.
* * * LOW HITPOINT WARNING * * *
The river rat bites you.
You die...
Fedhas appreciates your contribution to the ecosystem.

.# #..# #.# #........##..........
.###..# #.# ##.#.#########.###..#
......# #.# #.#.###### #.# #..#
.###.## #.# #.....[>.# #.# #...
.###.# #.## #........# #.# ##..
.....# #..# #........# #.# #..
.##### ##.# #........# #.# ##. ##
#.# #).r.....# #.# #. ###### #.#
#<.@.....# #.# #. .....# #.#
#........# #.# #. .###.# #.#
#.###.#######.#####. .# #.#####.#
#.##..............#. ## #.......#
#.##.......##.###.#. # #########
#.##.......##.# #.#. #
#.##..........# #.#.
##############.##.......#..###.#.
...............##................


You could see a river rat.

Vanquished Creatures
  A river rat (D:3)
  3 adders
  3 worms
  A dart slug (D:2)
  8 bats
  4 endoplasms
  2 goblins
  3 hobgoblins
  6 jackals
  9 kobolds
  2 quokkas (D:1)
  5 ball pythons
  A frilled lizard (D:1)
  3 rats
51 creatures vanquished.

Notes
Turn   | Place    | Note
-------+----------+-------------------------------------------
     0 | D:1      | jfcaron the Djinni Air Elementalist began the quest for the
                  | Orb.
     0 | D:1      | Reached XP level 1. HP: 15/15 MP: 0/0
   253 | D:1      | Reached XP level 2. HP: 12/21 MP: 0/0
   644 | D:1      | Found Turuafak's Jewellery Boutique.
   679 | D:1      | Reached XP level 3. HP: 18/25 MP: 0/0
   679 | D:1      | Learned a level 1 spell: Magic Dart
  1129 | D:1      | Found a faded altar of an unknown god.
  1138 | D:1      | Became a worshipper of Fedhas Madash
  1138 | D:1      | Reached * piety under Fedhas
  1349 | D:2      | Identified a scroll of acquirement
  1349 | D:2      | Acquired a manual of Spellcasting
  1441 | D:2      | Reached skill level 3 in Spellcasting
  1493 | D:2      | Reached XP level 4. HP: 28/31 MP: 0/0
  1711 | D:2      | Reached skill level 1 in Fighting
  2001 | D:2      | Reached ** piety under Fedhas
  2447 | D:3      | Reached skill level 4 in Spellcasting
  2447 | D:3      | Reached XP level 5. HP: 5/37 MP: 0/0
  2447 | D:3      | Learned a level 2 spell: Poisonous Vapours
  2454 | D:3      | HP: 5/37 [river rat (1)]
  2468 | D:3      | HP: 1/37 [river rat (5)]
  2493 | D:2      | Slain by a river rat

Illustrated notes

Levels and vault maps discovered:
D:1:      amcnicky_arrival_flooded_fountain, layout_basic,
          basic_ecumenical_altar, serial_shops, shop
D:2:      layout_loops_ring
D:3:      layout_rooms, serial_shops, nicolae_shop_competitors_out_of_business,
          lightli_sewer_entry_pipes, uniq_grinder

Skill      XL: |  1  2  3  4 |
---------------+-------------+-----
Stealth        | 2 |  2.3
Spellcasting   | 3 4 |  4.0
Fighting       | 1 |  1.4
Dodging        | |  2.4
Invocations    | |  0.2

Action                   |  1- 3 |  4- 6 || total
-------------------------+-------+-------++-------
Melee: Unarmed           |     1 |       ||     1
       Dagger            |     4 |     7 ||    11
 Cast: Shock             |    67 |    50 ||   117
       Swiftness         |       |     1 ||     1
  Use: Scroll            |     3 |       ||     3
Armor: Robe              |     2 |     2 ||     4
Dodge: Dodged            |     7 |     8 ||    15
